 Dungeon Crawl Stone Soup version 0.18.1-6-gd335043 (webtiles) character file.

2342 Moloch the Spear-Bearer (level 9, -10/72 HPs)
             Began as a Hill Orc Fighter on May 19, 2016.
             Was a Believer of Beogh.
             Mangled by Moloch's ghost (16 damage)
             ... on level 8 of the Dungeon.
             The game lasted 00:08:20 (5204 turns).

Moloch the Spear-Bearer (Hill Orc Fighter)          Turns: 5204, Time: 00:08:22

Health: -10/72     AC: 10    Str: 25    XL:     9   Next: 43%
Magic:  9/9        EV: -1    Int:  6    God:    Beogh [**....]
Gold:   279        SH: 10    Dex: 10    Spells: 0 memorised, 8 levels left

rFire  . . .     SeeInvis .     a - +0 trident
rCold  + . .     Gourm    .     s - +1 plate armour {rC+}
rNeg   . . .     Faith    .     c - +0 shield
rPois  .         Spirit   .     (no helmet)
rElec  .         Dismiss  .     (no cloak)
rCorr  .         Reflect  .     k - +1 pair of gloves {Str+3}
SustAt .         Harm     .     (no boots)
MR     .....                    (no amulet)
Stlth  ..........               (no ring)
                                (no ring)

@: not resistant to hostile enchantments, extremely unstealthy
A: deformed body, dopey 1, regeneration 1, MP-powered wands
a: Smiting, Renounce Religion


You were on level 8 of the Dungeon.
You worshipped Beogh.
Beogh was pleased with you.
You were very hungry.

You visited 1 branch of the dungeon, and saw 8 of its levels.

You collected 279 gold pieces.

Inventory:

Hand Weapons
 a - a +0 trident (weapon)
Missiles
 u - a throwing net (quivered)
Armour
 c - a +0 shield (worn)
 k - a +1 pair of gloves of strength (worn)
 s - a +1 plate armour of cold resistance (worn)
Wands
 w - a wand of paralysis (6/24)
 G - a wand of disintegration (2/24)
 H - a wand of acid (4/15)
Scrolls
 b - 3 scrolls of remove curse {unknown}
 e - 6 scrolls of identify {unknown}
 h - 2 scrolls of magic mapping {unknown}
 j - a scroll of amnesia {unknown}
 l - 3 scrolls of fog {unknown}
 p - a scroll of immolation {unknown}
 q - 4 scrolls of teleportation {unknown}
 t - 4 scrolls of recharging {unknown}
 x - 2 scrolls of brand weapon {unknown}
 y - a scroll of enchant armour {unknown}
 z - a scroll of vulnerability {unknown}
 A - 2 scrolls of blinking {unknown}
 C - a scroll of noise {unknown}
 D - a scroll of enchant weapon {unknown}
Potions
 d - a potion of might
 g - a potion of flight {unknown}
 o - 4 potions of curing {unknown}
 r - a potion of resistance {unknown}
 v - 2 potions of heal wounds {unknown}
 B - a potion of haste {unknown}
 E - a potion of lignification {unknown}
Books
 F - a book of Changes

   Spells                             Type                      Level
   a - Beastly Appendage              Transmutation                1
   b - Sticks to Snakes               Transmutation                2
   c - Spider Form                    Transmutation/Poison         3
   d - Ice Form                       Ice/Transmutation            4
   e - Blade Hands                    Transmutation                5
Comestibles
 f - 3 bread rations
 i - 3 meat rations
 m - a royal jelly
 n - a beef jerky


   Skills:
 + Level 4.7 Fighting
 + Level 12.9 Polearms
 - Level 3.2 Armour
 - Level 3.2 Shields


You had 8 spell levels left.
You didn't know any spells.

Dungeon Overview and Level Annotations

Branches:
Dungeon (8/15)             Temple (0/1) D:4
   Lair: D:8-11

Altars:
Ashenzari
Cheibriados
Fedhas
Makhleb
Nemelex Xobeh
Vehumet
Zin

Shops:
D:2 *

Annotations:
D:8 Moloch's ghost, novice HOFi


Innate Abilities, Weirdness & Mutations

Armour fits poorly on your strangely shaped body.
You are dopey. (Int -2)
Your natural rate of healing is unusually fast.
You expend magic power (3 MP) to strengthen your wands.


Message History

Moloch's ghost is heavily damaged.
You hit Moloch's ghost but do no damage.
Moloch's ghost is heavily damaged.
You are feeling very hungry.
You block Moloch's ghost's attack.
You hit Moloch's ghost but do no damage.
Moloch's ghost is heavily damaged.
Moloch's ghost hits you.
You barely miss Moloch's ghost.
Moloch's ghost is heavily damaged.
You hit Moloch's ghost but do no damage.
Moloch's ghost is heavily damaged.
Moloch's ghost hits you!
You are electrocuted!
* * * LOW HITPOINT WARNING * * *
You are too injured to fight recklessly!
You are too injured to fight recklessly!
Moloch's ghost hits you but does no damage.
You are electrocuted!
You die...
Beogh appreciates Moloch's ghost's killing of a heretic priest.

# .......# ..#
.##.#.#....##..##
.....#...........#
.................#
.........#...#...
...............#
............#..#
............#..##.##
..........)W@.......
.!.....:.#.##...#.##
......>.##.# .#...#
........#... ## #!.#
...)..?.##### .#
........# .
....#...# ......###
....##


You could see Moloch's ghost.

Vanquished Creatures
  Psyche (D:8)
  Duvessa (D:4)
  2 ice beasts (D:6)
  2 sky beasts
  An ogre (D:4)
  A phantom (D:4)
  3 centaurs
  Blork the orc (D:4)
  4 giant frogs
  Dowan (D:4)
  A wight (D:7)
  A crimson imp (D:7)
  A jelly (D:6)
  An orc priest (D:5)
  A giant frog skeleton (D:7)
  A hound (D:7)
  Jessica (D:2)
  3 iguanas
  An orc wizard (D:7)
  3 worker ants
  A hound skeleton (D:7)
  6 gnolls
  A worker ant zombie (D:6)
  5 adders
  A shadow imp (D:7)
  3 oozes
  An adder zombie (D:5)
  An adder skeleton (D:4)
  8 worms
  3 dart slugs
  17 orcs
  4 ball pythons
  8 bats
  6 goblins
  8 hobgoblins
  10 jackals
  6 kobolds
  2 quokkas
  A giant gecko skeleton (D:5)
  3 giant newts
  A quokka skeleton (D:7)
  8 rats
135 creatures vanquished.

Vanquished Creatures (others)
  The ghost of Moloch the Insei, an amateur DsFi (D:3)
  A bat (D:3)
  A hobgoblin (D:3)
3 creatures vanquished.

Grand Total: 138 creatures vanquished

Notes
Turn   | Place    | Note
--------------------------------------------------------------
     0 | D:1      | Moloch the Hill Orc Fighter began the quest for the Orb.
     0 | D:1      | Reached XP level 1. HP: 19/19 MP: 1/1
    90 | D:1      | Reached skill level 3 in Polearms
    90 | D:1      | Reached XP level 2. HP: 20/26 MP: 2/2
   345 | D:1      | Reached XP level 3. HP: 31/31 MP: 3/3
   523 | D:1      | Reached skill level 4 in Polearms
   719 | D:2      | Found a shattered altar of Ashenzari.
   719 | D:2      | Noticed Jessica
   725 | D:2      | Killed Jessica
   725 | D:2      | Reached XP level 4. HP: 31/39 MP: 4/4
   922 | D:2      | Found a faded altar to an unknown god.
   999 | D:2      | Reached skill level 5 in Polearms
  1032 | D:2      | Found Zin's Purification Station.
  1034 | D:2      | Found a glowing silver altar of Zin.
  1104 | D:2      | Found a blossoming altar of Fedhas.
  1250 | D:2      | Reached XP level 5. HP: 45/45 MP: 5/5
  1603 | D:3      | Became a worshipper of Beogh the Brigand
  1611 | D:3      | Noticed Moloch's ghost (amateur DsFi)
  1630 | D:3      | Killed Moloch's ghost
  1630 | D:3      | Reached skill level 6 in Polearms
  1664 | D:3      | Reached XP level 6. HP: 29/51 MP: 6/6
  1850 | D:3      | You fall through a shaft!
  1942 | D:4      | Noticed a phantom
  1987 | D:4      | Reached skill level 7 in Polearms
  2007 | D:4      | Killed a phantom
  2069 | D:4      | Reached skill level 8 in Polearms
  2069 | D:4      | Reached XP level 7. HP: 49/57 MP: 7/7
  2175 | D:4      | Noticed Duvessa
  2207 | D:4      | Killed Duvessa
  2235 | D:4      | Found a staircase to the Ecumenical Temple.
  2288 | D:4      | Noticed Dowan
  2306 | D:4      | Killed Dowan
  2369 | D:4      | Noticed Blork the orc
  2398 | D:4      | Killed Blork the orc
  2398 | D:4      | Reached skill level 9 in Polearms
  2659 | D:5      | Entered Level 5 of the Dungeon
  2744 | D:5      | Reached * piety under Beogh
  2864 | D:5      | Found a radiant altar of Vehumet.
  3236 | D:5      | Paralysed by an orc for 4 turns
  3244 | D:5      | Paralysed by an orc for 3 turns
  3461 | D:6      | Reached skill level 10 in Polearms
  3461 | D:6      | Reached XP level 8. HP: 50/64 MP: 8/8
  3601 | D:6      | Found a burning altar of Makhleb.
  3908 | D:6      | Reached skill level 11 in Polearms
  4126 | D:7      | Found a snail-covered altar of Cheibriados.
  4635 | D:7      | Reached ** piety under Beogh
  4635 | D:7      | Reached skill level 12 in Polearms
  4635 | D:7      | Reached XP level 9. HP: 61/71 MP: 9/9
  4910 | D:7      | Found a sparkling altar of Nemelex Xobeh.
  5127 | D:8      | Noticed Psyche
  5134 | D:8      | Killed Psyche
  5164 | D:8      | Noticed Moloch's ghost (novice HOFi)
  5169 | D:8      | Gained mutation: Your natural rate of healing is unusually fast. [mutagenic meat]
  5170 | D:8      | Gained mutation: You expend magic power (3 MP) to strengthen your wands. [mutagenic meat]
  5171 | D:8      | Gained mutation: Armour fits poorly on your strangely shaped body. [mutagenic meat]
  5172 | D:8      | Gained mutation: You are dopey. (Int -2) [mutagenic meat]
  5204 | D:8      | Mangled by Moloch's ghost

Skill      XL: |  1  2  3  4  5  6  7  8  9 |
---------------+----------------------------+-----
Polearms       | 3 4 5 6 8 10 12 | 12.9
Fighting       | 4 |  4.7
Armour         | |  3.2
Shields        | |  3.2

Action                   |  1- 3 |  4- 6 |  7- 9 || total
-------------------------+-------+-------+-------++-------
Melee: Trident           |   104 |   272 |   410 ||   786
Invok: Convert to Beogh  |       |     1 |       ||     1
Evoke: Wand              |       |       |     1 ||     1
 Stab: Paralysed         |       |       |     5 ||     5
  Eat: Chunk             |       |     4 |    11 ||    15
       Pizza             |       |       |     1 ||     1
       Beef jerky        |       |       |     1 ||     1
Armor: Scale mail        |    22 |     1 |       ||    23
       Chain mail        |       |   102 |       ||   102
       Plate armour      |       |    20 |   129 ||   149
Dodge: Dodged            |    21 |    45 |    34 ||   100
Block: Shield            |    30 |   105 |    97 ||   232
